 Dungeon Crawl Stone Soup version 0.25-a0-583-g696c2ac64d (webtiles) character file.

Game seed: 10184004395859476176, levelgen mode: deterministic

40 LairdRich the Chopper (level 3, 0/33 HPs)
             Began as a Minotaur Berserker on Mar 8, 2020.
             Was a Follower of Trog.
             Slain by an adder (4 damage)
             ... on level 2 of the Dungeon.
             The game lasted 00:03:01 (1103 turns).

LairdRich the Chopper (Minotaur Berserker)          Turns: 1103, Time: 00:03:02

Health: 0/33       AC:  3    Str: 22    XL:     3   Next: 30%
Magic:  2/2        EV: 12    Int:  4    God:    Trog [*.....]
Gold:   31         SH:  0    Dex:  9    Spells: 2/2 levels left

rFire    . . .     SeeInvis .   j - +1 short sword (venom)
rCold    . . .     Gourm    .   (no shield)
rNeg     . . .     Faith    .   b - +0 animal skin
rPois    .         Spirit   .   (helmet restricted)
rElec    .         Reflect  .   h - +0 cloak (curse)
rCorr    .         Harm     .   (no gloves)
MR       .....                  (no boots)
Stlth    +.........             (no amulet)
HPRegen  0.11/turn              (no ring)
MPRegen  0.08/turn              (no ring)

@: lethally poisoned (0 -> -3)
A: retaliatory headbutt, horns 2
a: Berserk, Renounce Religion


You were on level 2 of the Dungeon.
You worshipped Trog.
Trog was aware of your devotion.
You were hungry.

You visited 1 branch of the dungeon, and saw 2 of its levels.

You collected 31 gold pieces.

Inventory:

Hand Weapons
 a - a +0 hand axe
 j - a +1 short sword of venom (weapon)
Armour
 b - a +0 animal skin (worn)
 h - a cursed +0 cloak (worn)
Jewellery
 g - a +5 ring of dexterity {unknown}
Scrolls
 f - a scroll of remove curse {unknown}
 i - a scroll of magic mapping {unknown}
Potions
 e - a potion of curing {unknown}
Comestibles
 c - 3 rations
 d - a chunk of flesh


   Skills:
 + Level 4.0 Fighting
 * Level 4.3 Axes
 + Level 3.0 Armour
 + Level 2.7 Dodging


You had 2 spell levels left.
You didn't know any spells.
Your spell library was empty.

Dungeon Overview and Level Annotations

Branches:
Dungeon (2/15)

Altars:


Innate Abilities, Weirdness & Mutations

You reflexively headbutt those who attack you in melee.
You have a pair of horns on your head.


Message History

* * * LOW HITPOINT WARNING * * *
You miss the adder.
The adder is severely wounded.
The adder bites you but does no damage. The frilled lizard barely misses you.
You miss the adder.
The adder is severely wounded.
You feel sick. The adder bites you.
* * * LOW HITPOINT WARNING * * *
The frilled lizard bites you but does no damage.
The adder closely misses you.
You closely miss the adder. Your headbutt misses the adder.
The adder is severely wounded.
The adder bites you.
* * * LOW HITPOINT WARNING * * *
The frilled lizard closely misses you.
You closely miss the adder.
The adder is severely wounded.
The adder misses you. The frilled lizard barely misses you.
The adder bites you.
You die...

#########
##........
##.........
#..@S...... #
#...l......
####..
#..........
......
#..........
......
#..........
.g?...
...........
...$#.
............
......
##.#)##...###
....##


You could see an adder and a frilled lizard.

Vanquished Creatures
  An adder (D:2)
  2 dart slugs (D:1)
  A ball python (D:1)
  6 bats (D:1)
  A giant cockroach (D:1)
  5 goblins
  2 hobgoblins (D:1)
  2 kobolds (D:1)
  2 frilled lizards
  3 rats (D:1)
25 creatures vanquished.

Notes
Turn   | Place    | Note
-------+----------+-------------------------------------------
     0 | D:1      | LairdRich the Minotaur Berserker began the quest for the
                  | Orb.
     0 | D:1      | Reached XP level 1. HP: 19/19 MP: 0/0
   298 | D:1      | Reached XP level 2. HP: 27/27 MP: 1/1
   840 | D:1      | Reached XP level 3. HP: 33/33 MP: 2/2
  1103 | D:2      | Slain by an adder

Levels and vault maps discovered:
D:1:      saegor_arrival_miasma, layout_loops_ring
D:2:      layout_rooms, grunt_dithmenos_smoke, st_stairs_11,
          corexii_corridor_pit, minmay_misc_feat_square

Skill      XL: |  1  2  3 |
---------------+----------+-----
Axes           | 4 |  4.3
Fighting       | 4 |  4.0
Armour         | 3 |  3.0
Dodging        | |  2.7

Action                   || total
-------------------------++-------
Melee: Hand axe          ||    37
       Headbutt          ||     5
       Short sword       ||    13
Armor: Animal skin       ||    22
Dodge: Dodged            ||    36

Table legend:
 A = Non-vault XP
 B = Vault XP
 C = Vault XP percentage of total XP
 D = Non-vault monster count
 E = Vault monster count
 F = Vault count percentage of total count
                 A         B        C        D         E       F
            +---------+---------+-------+---------+---------+-------
      Total |      58 |       0 |   0.0 |      25 |       0 |   0.0
            +---------+---------+-------+---------+---------+-------
        D:1 |      42 |       0 |   0.0 |      22 |       0 |   0.0
        D:2 |      16 |       0 |   0.0 |       3 |       0 |   0.0
            +---------+---------+-------+---------+---------+-------
